 Dungeon Crawl Stone Soup version 0.27.1-35-g4d5d836560 (console) character file.

Game seed: 6155845893633004172

2924 Faeu the Covert (level 9, -10/68 HPs)
             Began as a Green Draconian Fire Elementalist on May 17, 2022.
             Was a Believer of Vehumet.
             Mangled by an orc knight (16 damage)
             ... in a bailey.
             The game lasted 01:04:45 (7989 turns).

Faeu the Covert (Green Draconian Fire Elementalist) Turns: 7989, Time: 01:04:45

Health: -10/68     AC:  7    Str: 11    XL:     9   Next: 50%
Magic:  19/21      EV: 12    Int: 18    God:    Vehumet [**....]
Gold:   206        SH:  0    Dex: 12    Spells: 11/12 levels left

rFire    . . .     SeeInvis +   a - +10 dagger {freeze, rPois MP+9 SInv, short}
rCold    . . .     Faith    .   (no shield)
rNeg     . . .     Spirit   .   (armour unavailable)
rPois    +         Reflect  .   (helmet restricted)
rElec    .         Harm     .   (no cloak)
rCorr    +         Rampage  .   (no gloves)
Will     .....                  (no boots)
Stlth    ++++......             i - amulet of regeneration {@e2}
HPRegen  1.21/turn              (no ring)
MPRegen  0.17/turn              v - ring of resist corrosion

@: about to teleport
A: breathe noxious fumes, AC +7, unfitting armour, poison resistance,
cold-blooded
a: Breathe Noxious Fumes, Renounce Religion


You were in a bailey.
You worshipped Vehumet.
Vehumet was pleased with you.
You visited 2 branches of the dungeon, and saw 8 of its levels.
You also visited: Bailey.

You collected 206 gold pieces.


Innate Abilities, Weirdness & Mutations

You can breathe blasts of noxious fumes.
Your lurid green scales are hard. (AC +7)
You cannot fit into any form of body armour.
Your system is resistant to poisons. (rPois)
You are cold-blooded and may be slowed by cold attacks.


   Skills:
 - Level 2.9 Fighting
 - Level 2.0 Short Blades
 - Level 1.7 Dodging
 - Level 8.9 Stealth
 - Level 2.0 Spellcasting
 + Level 5.3 Conjurations
 - Level 5.8 Fire Magic
 - Level 6.4 Poison Magic


You had 11 spell levels left.
You knew the following spells:

 Your Spells              Type           Power      Damage    Failure   Level
a - Foxfire               Conj/Fire      84%        2x1d8     1%          1

Your spell library contained the following spells:

 Spells                   Type           Power      Damage    Failure   Level
 Poisonous Vapours        Pois/Air       26%        N/A       8%          2
 Conjure Flame            Conj/Fire      21%        6-21      5%          3
 Inner Flame              Hex/Fire       12%        N/A       16%         3
 Corona                   Hex            1%         N/A       19%         1
 Sticky Flame             Conj/Fire      21%        2d4       19%         4
 Ensorcelled Hibernation  Hex/Ice        2%         N/A       26%         2
 Fireball                 Conj/Fire      10%        3d6       45%         5
 Tukima's Dance           Hex            1%         N/A       47%         3

Inventory:

Hand Weapons
 a - the +10 dagger "Higurom" (weapon) {freeze, rPois MP+9 SInv, short}
   (You found it on level 4 of the Dungeon)

   It freezes those it strikes, dealing additional cold damage.
   It can also slow down cold-blooded creatures.
   rPois:     It protects you from poison.
   MP:        It affects your magic capacity (+9).
   SInv:      It lets you see invisible.
Missiles
 b - 244 stones {throwing}
 d - 27 arrows
 n - 3 silver boomerangs {throwing}
 p - 30 sling bullets
Armour
 m - a scarf of shadows
   (You found it on level 3 of the Dungeon)
Jewellery
 i - an amulet of regeneration (around neck) {@e2}
   (You found it on level 2 of the Dungeon)
 v - a ring of resist corrosion (right hand)
   (You found it on level 5 of the Dungeon)
Wands
 h - a wand of paralysis (10)
   (You found it on level 2 of the Dungeon)
 x - a wand of flame (24)
   (You found it on level 6 of the Dungeon)
Scrolls
 c - 2 scrolls of teleportation {@r4}
 k - 2 scrolls of enchant armour
 l - a scroll of blinking {unknown}
 q - 2 scrolls of fog
 r - a scroll of magic mapping {!r}
 t - a scroll of amnesia {unknown}
 u - 2 scrolls of immolation {!r!r}
 w - a scroll of summoning {unknown}
 y - a scroll of fear {unknown}
Potions
 g - a potion of heal wounds {unknown}
 j - a potion of might {unknown}
 o - a potion of attraction {unknown}
 s - 3 potions of curing {@q1}
 z - 2 potions of invisibility {unknown}
 A - a potion of brilliance {unknown}

Dungeon Overview and Level Annotations

Branches:
Dungeon (7/15)             Temple (1/1) D:5          Bailey (1/1)

Altars:
Ashenzari
Cheibriados
Dithmenos
Elyvilon
Fedhas
Gozag
Hepliaklqana
Kikubaaqudgha
Makhleb
Nemelex Xobeh
Okawaru
Qazlal
Ru
Sif Muna
Trog
Uskayaw
Vehumet
Wu Jian
Xom
Yredelemnul
Zin
The Shining One

Shops:
D:2 [

Annotations:
D:3 2 transporters
D:6 Eustachio

. #..o......#
##.......## #.......#
##.....## ####'##
##...).## #....)))#
##...)...##
#.).......#
##....o....##
#######.....@.....# .
##.....##.).......##
.. #.......#.).......#
..##.......##)......##
..'.......).))......#
##.......).##.....##
#.....⌠.)...#######
##.........##
#....)....#
##.......## #...)...#


You could see an orc knight.


Message History

Press: ? - help, Dir - move target, f - orc knight
Aim: an orc knight, wielding a +0 war axe and wearing a +0 chain mail (about 30% to evade the +10 dagger "Higurom")
Your weapon can't reach that far!
Okay, then.
Aiming: Paralyse
Press: ? - help, Shift-Dir - straight line, f - orc knight
Aim: an orc knight, wielding a +0 war axe and wearing a +0 chain mail (chance to affect: 28%)
Okay, then.
Unknown command.
Unknown command.
You conjure some foxfire! 😎 MP[-1]
You lost 1 mp, and now have 17/21 mp.
The foxfire hits the orc knight but does no damage. x2
There is a fountain of clear blue water here.
You conjure some foxfire! 😎 MP[-1]
You lost 1 mp, and now have 16/21 mp.
It was a potion of lignification.
You turn into a tree.
Your roots penetrate the ground.
The foxfire hits the orc knight.
The foxfire hits the orc knight but does no damage. 😎 HP[+34]
You now have 102 max hp (+34).
It was a potion of cancellation.
Your magical effects are unravelling.
You feel magically purged.
You feel less wooden. 😎 HP[-34] MP[+1]
You now have 68 max hp (-34).
There are monsters nearby!
You conjure some foxfire!
The foxfire hits the goblin.
You kill the goblin!
Vehumet accepts your kill.
You feel your power returning.
You miscast Foxfire.
You are very lightly contaminated with residual magic.
Nothing appears to happen.
The foxfire hits the orc knight. 😎 MP[-1]
You lost 1 mp, and now have 16/21 mp.
You hit the orc knight but do no damage.
The orc knight misses you.
You hit the orc knight. You freeze the orc knight. You hit the orc knight.
You freeze the orc knight.
Your tail-slap misses the orc knight.
The orc knight hits you with a +0 war axe! 😕 HP[-10]
You take 10 damage, and now have 58/68 hp.
You hit the orc knight but do no damage.
The orc knight barely misses you. 😕 HP[+1]
You closely miss the orc knight.
The orc knight barely misses you. 😕 HP[+2] MP[+1]
You regained 2 hp, and now have 61/68 hp.
You hit the orc knight but do no damage.
The orc knight closely misses you. 😕 HP[+1]
You closely miss the orc knight.
Your tail-slap misses the orc knight.
The orc knight barely misses you.
Your magical contamination has completely faded away. 😕 HP[+1]
You puncture the orc knight! You freeze the orc knight.
The orc knight hits you with a +0 war axe. 😕 HP[-5]
You take 5 damage, and now have 58/68 hp.
You puncture the orc knight! You freeze the orc knight.
The orc knight hits you with a +0 war axe.
You hit the orc knight but do no damage.
The orc knight hits you with a +0 war axe! 😮 HP[-12]
You take 12 damage, and now have 46/68 hp.
You hit the orc knight. You freeze the orc knight.
You tail-slap the orc knight, but do no damage.
The orc knight hits you with a +0 war axe!
* * * LOW HITPOINT WARNING * * *
😨 HP[-15] MP[+1]
You take 15 damage, and now have 31/68 hp.
MASSIVE DAMAGE!! (PAUSE)
You hit the orc knight. You freeze the orc knight. 😨 HP[+1]
You barely miss the orc knight.
The orc knight hits you with a +0 war axe.
* * * LOW HITPOINT WARNING * * *
You closely miss the orc knight.
The orc knight hits you with a +0 war axe!!
* * * LOW HITPOINT WARNING * * *
😱 HP[-23]
You take 23 damage, and now have 9/68 hp.
MASSIVE DAMAGE!! (PAUSE)
You feel better.
The orc knight barely misses you. 😱 HP[+7]
You regained 7 hp, and now have 16/68 hp.
You closely miss the orc knight.
The orc knight hits you with a +0 war axe!
* * * LOW HITPOINT WARNING * * *
😱 HP[-11]
You take 11 damage, and now have 5/68 hp.
As you read the scroll of teleportation {@r4}, it crumbles to dust.
You feel strangely unstable.
The orc knight hits you with a +0 war axe!
You die...

Skill      XL: |  1  2  3  4  5  6  7  8  9 |
---------------+----------------------------+-----
Stealth        | 2 3 4 5 8 |  8.9
Fire Magic     | 4 5 |  5.8
Fighting       | 2 |  2.9
Short Blades   | 1 2 |  2.0
Poison Magic   | 6 |  6.4
Conjurations   | 5 |  5.3
Dodging        | |  1.7
Spellcasting   | |  2.0

Action                   |  1- 3 |  4- 6 |  7- 9 || total
-------------------------+-------+-------+-------++-------
Melee: Unarmed           |    19 |       |       ||    19
       Tailslap          |     2 |     7 |    22 ||    31
       Short sword       |    22 |    53 |       ||    75
       Dagger            |       |    36 |   173 ||   209
 Cast: Foxfire           |    61 |    48 |   201 ||   310
Evoke: Wand              |       |       |     2 ||     2
  Use: Scroll            |       |       |     6 ||     6
       Potion            |       |       |     3 ||     3
 Stab: Sleeping          |     2 |     4 |       ||     6
Armor: Skin              |    15 |    20 |    40 ||    75
Dodge: Dodged            |    39 |    55 |   110 ||   204

Levels and vault maps discovered:
D:1:      saegor_arrival_simple_d, layout_rooms, st_stairs_1
D:2:      layout_basic, basic_altar, serial_shops, shop
D:3:      gammafunk_wand_slinger, layout_loops_corners, serial_bayou,
          serial_bayou_crossing, serial_bayou_pond_c, serial_bayou_ford_a,
          serial_bayou_pond_b
D:4:      layout_basic
D:5:      layout_basic, minmay_temple_entry_mist, kennysheep_generic_room_11
D:6:      layout_cave_pools, nicolae_wu_jian_glorious_leap, uniq_edmund,
          uniq_sigmund, uniq_eustachio
D:7:      layout_cave_pods, enter_bailey_2, uniq_harold
Temple:   minmay_crystal_snake_temple
Bailey:   bailey_axe_minmay_hex_keep, bailey

Notes
Turn   | Place    | Note
-------+----------+-------------------------------------------
     0 | D:1      | Faeu the Draconian Fire Elementalist began the quest for
                  | the Orb.
     0 | D:1      | Reached XP level 1. HP: 14/14 MP: 3/3
     0 | D:1      | magus.rc [v1.9.6]
   256 | D:1      | Reached skill level 2 in Stealth
   330 | D:1      | Reached XP level 2. HP: 20/20 MP: 0/5
  1087 | D:2      | Reached XP level 3. HP: 26/26 MP: 3/6
  1142 | D:2      | Found Mezia's Armour Boutique.
  1797 | D:2      | Reached skill level 3 in Stealth
  1863 | D:2      | Found an iron altar of Okawaru.
  2171 | D:3      | Noticed a kobold demonologist
  2210 | D:3      | Found a transporter.
  2247 | D:3      | Found a transporter.
  2468 | D:3      | Reached skill level 4 in Fire Magic
  2539 | D:3      | Reached XP level 4. HP: 33/33 MP: 3/7
  2952 | D:3      | Noticed a scorpion
  3030 | D:3      | Killed a scorpion
  3031 | D:3      | Reached XP level 5. HP: 26/38 MP: 3/8
  3331 | D:4      | Noticed a phantom
  3355 | D:4      | Killed a phantom
  3356 | D:4      | Reached skill level 4 in Stealth
  3356 | D:4      | Reached skill level 5 in Fire Magic
  3378 | D:4      | Reached XP level 6. HP: 46/46 MP: 6/9
  3572 | D:4      | Identified the +10 dagger "Higurom" {freeze, rPois MP+9
                  | SInv}
  3693 | D:4      | You pick up a book of Maledictions and begin reading...
  3693 | D:4      | You add the spells Corona, Ensorcelled Hibernation and
                  | Tukima's Dance to your library.
  3752 | D:4      | Reached skill level 1 in Fighting
  3752 | D:4      | Reached skill level 1 in Short Blades
  4201 | D:5      | Entered Level 5 of the Dungeon
  4216 | D:5      | Found a staircase to the Ecumenical Temple.
  4226 | Temple   | Entered the Ecumenical Temple
  4453 | Temple   | Became a worshipper of Vehumet
  4732 | D:5      | Reached skill level 2 in Fighting
  4977 | D:5      | Your scales start taking on a lurid green colour.
  4977 | D:5      | Reached XP level 7. HP: 36/55 MP: 10/10
  4977 | D:5      | Gained mutation: Your system is resistant to poisons.
                  | (rPois) [Green Draconian growth]
  4981 | D:5      | Reached skill level 2 in Short Blades
  5164 | D:5      | Reached skill level 2 in Poison Magic
  5510 | D:6      | Reached skill level 3 in Poison Magic
  5527 | D:6      | Reached skill level 4 in Poison Magic
  5548 | D:6      | Reached skill level 5 in Poison Magic
  5626 | D:6      | Noticed Sigmund
  5640 | D:6      | Reached skill level 6 in Poison Magic
  5662 | D:6      | Reached * piety under Vehumet
  5662 | D:6      | Offered knowledge of Sandblast by Vehumet.
  5663 | D:6      | Reached skill level 5 in Stealth
  5663 | D:6      | Reached XP level 8. HP: 61/61 MP: 11/11
  5730 | D:6      | Reached skill level 6 in Stealth
  5801 | D:6      | Killed Sigmund
  5841 | D:6      | Reached skill level 7 in Stealth
  6147 | D:6      | Noticed Edmund
  6148 | D:6      | magus.rc [v1.9.6]
  6175 | D:6      | Killed Edmund
  6175 | D:6      | Noticed Eustachio
  6176 | D:6      | Reached skill level 8 in Stealth
  6628 | D:6      | Found an ornate altar of the Wu Jian Council.
  7117 | D:7      | Found a flagged portal.
  7121 | Bailey   | Entered a bailey
  7154 | Bailey   | Reached XP level 9. HP: 44/68 MP: 12/12
  7349 | Bailey   | Reached ** piety under Vehumet
  7359 | Bailey   | Offered knowledge of Searing Ray by Vehumet.
  7535 | Bailey   | Reached skill level 2 in Conjurations
  7631 | Bailey   | Reached skill level 3 in Conjurations
  7750 | Bailey   | The gnoll is wielding the +2 Maxwell's thermic engine
                  | {flame, freeze}.
  7786 | Bailey   | Reached skill level 4 in Conjurations
  7870 | Bailey   | Reached skill level 5 in Conjurations
  7915 | Bailey   | Noticed an orc knight
  7960 | Bailey   | Offered knowledge of Poisonous Vapours by Vehumet.
  7986 | Bailey   | HP: 9/68 [orc knight (24)]
  7989 | Bailey   | Mangled by an orc knight

Vanquished Creatures
  Sigmund (D:6)
  Edmund (D:6)
  2 water moccasins (D:6)
  An ice beast (D:6)
  2 sky beasts (D:6)
  A necrophage (D:6)
  11 orc warriors
  A black bear (D:5)
  2 phantoms
  A bullfrog (D:7)
  3 scorpions
  A howler monkey (D:5)
  A centaur skeleton (D:6)
  A gnoll shaman (D:6)
  2 hounds
  2 iguanas (D:6)
  2 hound skeletons (D:4)
  15 gnolls
  6 adders
  2 white imps
  2 adder skeletons
  4 dart slugs
  18 orcs
  7 bats
  4 endoplasms
  4 giant cockroaches
  20 goblins
  14 hobgoblins
  3 jackals (D:4)
  A quokka (D:1)
  9 ball pythons
  3 frilled lizards
  9 kobolds
  A quokka skeleton (D:4)
  7 rats
164 creatures vanquished.

Vanquished Creatures (collateral kills)
  A foxfire (D:3)
1 creature vanquished.

Vanquished Creatures (others)
  516 foxfires
  2 plants (D:3)
518 creatures vanquished.

Grand Total: 683 creatures vanquished

Table legend:
 A = Non-vault XP
 B = Vault XP
 C = Vault XP percentage of total XP
 D = Non-vault monster count
 E = Vault monster count
 F = Vault count percentage of total count
                 A         B        C        D         E       F
            +---------+---------+-------+---------+---------+-------
      Total |    2146 |    2032 |  48.6 |     105 |      59 |  36.0
            +---------+---------+-------+---------+---------+-------
        D:1 |      33 |       3 |   8.3 |      21 |       2 |   8.7
        D:2 |      44 |       0 |   0.0 |      15 |       0 |   0.0
        D:3 |     112 |      24 |  17.6 |      14 |       4 |  22.2
        D:4 |     307 |       0 |   0.0 |      21 |       0 |   0.0
        D:5 |     261 |      79 |  23.2 |      13 |       1 |   7.1
        D:6 |    1296 |     397 |  23.4 |      20 |       2 |   9.1
        D:7 |      93 |       0 |   0.0 |       1 |       0 |   0.0
     Bailey |       0 |    1529 | 100.0 |       0 |      50 | 100.0
            +---------+---------+-------+---------+---------+-------

Illustrated notes

Table legend:
 A = Kills in this place as a percentage of kills in entire the game.
 B = Kills by you in this place as a percentage of kills by you in the entire game.
 C = Kills by friends in this place as a percentage of kills by friends in the entire game.
 D = Other kills in this place as a percentage of other kills in the entire game.
 E = Experience gained in this place as a percentage of experience gained in the entire game.
 F = Experience gained in this place divided by the number of levels of this place that you have seen.
                   A       B       C       D       E      F
               +-------+-------+-------+-------+-------+----------------------
         Total | 100.0 | 100.0 |   N/A |   N/A | 100.0 | 464.2
       Dungeon |  69.5 |  69.5 |   N/A |   N/A |  63.4 | 378.4
        Bailey |  30.5 |  30.5 |   N/A |   N/A |  36.6 | 1529.0
               +-------+-------+-------+-------+-------+----------------------

Table legend: (Time is in decaauts)
 A = Elapsed time spent in this place.
 B = Non-inter-level travel time spent in this place.
 C = Inter-level travel time spent in this place.
 D = Time resting spent in this place.
 E = Time spent auto-exploring this place.
 F = Levels seen in this place.
 G = Mean time per level.
                   A        B        C        D        E       F      G
               +--------+--------+--------+--------+--------+-----+--------+
         Total |   8007 |   7831 |    176 |   1263 |   2497 |   9 |  889.7 |
       Dungeon |   6891 |   6760 |    131 |   1142 |   2334 |   7 |  984.4 |
        Temple |    257 |    212 |     45 |      0 |    163 |   1 |  257.0 |
        Bailey |    858 |    858 |      0 |    121 |      0 |   1 |  858.0 |
               +--------+--------+--------+--------+--------+-----+--------+

Top non-repeatable levels by time:
     D:6: 1530 daAuts
     D:3: 1227 daAuts
     D:2: 1142 daAuts
     D:5: 1115 daAuts
     D:1: 987 daAuts
     D:4: 874 daAuts
  Bailey: 858 daAuts
  Temple: 257 daAuts
     D:7: 13 daAuts
